 Dungeon Crawl Stone Soup version 0.32-a0-913-g739538afd8 (webtiles) character file.

Game seed: 9241574241456272772

688311 Subbak the Blood Saint (level 26, -1/172 (173) HPs)
             Began as a Demonspawn Monk on Apr 5, 2024.
             Was an Elder of Lugonu.
             Killed by divine providence
             ... invoked by a balrug
              (15 damage)
             ... on level 4 of the Abyss on Apr 7, 2024.
             The game lasted 07:08:02 (70985 turns).

Subbak the Blood Saint (Demonspawn Monk)           Turns: 70985, Time: 07:08:02

HP:   -1/172 (173)  AC: 43    Str: 27    XL:     26   Next: 96%
MP:   32/40         EV: 13    Int: 13    God:    Lugonu [****..]
Gold: 3262          SH: 20    Dex: 17    Spells: 25/25 levels left

rFire   + . .        a - +8 demon whip (distort)
rCold   + + .        G - +5 Storm Queen's Shield {shock, Fly rElec}
rNeg    + + .        L - +5 plate armour {Will+}
rPois   +            U - +2 helmet {Int+3}
rElec   +            (cloak unavailable)
rCorr   .            K - +1 pair of gloves
SInv    .            l - +0 pair of boots "Yso Mak" {rC++ Regen+ Dex+2}
Will    ++...        d - amulet of the Will of the Gods {Regen+ Str+2} Stlth
                     j - ring of protection from fire
HPRegen 2.08/turn    N - ring "Tairghaku" {Fly rN++ Str+5 Dex+3}
MPRegen 0.27/turn

%: no passive effects
@: agile, about to teleport, sanguine armoured, flying, studying Axes, lightly
drained
A: demonic guardian 3, powered by pain 3, augmentation 2, sanguine armour 3,
weakness stinger 3, clumsy 2, poison resistance, subdued magic 1, MP-powered
wands, [dopey 2], [frail 2], no potion heal 1[+1], [inability to read after
injury 2]
}: 5/15 runes: serpentine, barnacled, slimy, silver, abyssal
a: Renounce Religion, Depart the Abyss, Banish, Corrupt


You were on level 4 of the Abyss.
You worshipped Lugonu.
Lugonu was greatly pleased with you.
You visited 13 branches of the dungeon, and saw 58 of its levels.
You visited the Abyss 11 times.
You also visited: Trove, Ossuary, Gauntlet, Ice Cave, Volcano and Wizlab.

You collected 9128 gold pieces.
You spent 5866 gold pieces at shops.

Inventory:

Hand Weapons
 a - a +8 demon whip of distortion (weapon)
 b - the +4 flail "Qycir" {venom, rF+ Str+5}
   (You found it on level 1 of the Vaults)

   Str+5:     It affects your strength (+5).
   rF+:       It protects you from fire.
Missiles
 k - 4 silver javelins (quivered)
 x - 7 throwing nets
 C - 18 javelins
 E - 6 boomerangs
Armour
 l - the +0 pair of boots "Yso Mak" (worn) {rC++ Regen+ Dex+2}
   (You found it in a Gauntlet)

   Dex+2:     It affects your dexterity (+2).
   rC++:      It greatly protects you from cold.
   Regen+:    It increases your rate of health regeneration.
 G - the +5 Storm Queen's Shield (worn) {shock, Fly rElec}
   (You bought it in a shop on level 2 of the Orcish Mines)

   Shock:     When it blocks an attack, it may electrocute the attacker.
   This works even against foes who are a short distance away.
   rElec:     It insulates you from electricity.
   Fly:       It grants you flight.
 K - a +1 pair of gloves (worn)
 L - a +5 plate armour of willpower (worn)
 U - a +2 helmet of intelligence (worn)
Jewellery
 d - the amulet of the Will of the Gods (around neck) {Regen+ Str+2}
   (You found it in a treasure trove)

   [amulet of regeneration]

   Str+2:     It affects your strength (+2).
   Regen+:    It increases your rate of health regeneration.
 i - a ring of resist corrosion
 j - a ring of protection from fire (left hand)
 y - the ring "Zakyl" {+Blink rPois Str+3 Dex+6}
   (You bought it in a shop on level 3 of the Snake Pit)

   [ring of dexterity]

   Str+3:     It affects your strength (+3).
   Dex+6:     It affects your dexterity (+6).
   rPois:     It protects you from poison.
   +Blink:    It lets you blink.
 N - the ring "Tairghaku" (right hand) {Fly rN++ Str+5 Dex+3}
   (You found it on level 3 of the Crypt)

   [ring of flight]

   Str+5:     It affects your strength (+5).
   Dex+3:     It affects your dexterity (+3).
   rN++:      It greatly protects you from negative energy.
   Fly:       It grants you flight.
 O - the ring of Voyhoowk {rN++ Dex+2 SInv}
   (You found it on level 3 of the Crypt)

   [ring of see invisible]

   Dex+2:     It affects your dexterity (+2).
   rN++:      It greatly protects you from negative energy.
   SInv:      It lets you see invisible.
 X - the ring of the Commoners {rC+ Str+6}
   (You found it in a treasure trove)

   [ring of strength]

   Str+6:     It affects your strength (+6).
   rC+:       It protects you from cold.
 Y - the ring of Gatit {Will+ Str+4}
   (You found it on level 3 of the Elven Halls)

   [ring of willpower]

   Str+4:     It affects your strength (+4).
   Will+:     It increases your willpower.
Wands
 p - a wand of paralysis (69)
 w - a wand of flame (105)
 H - a wand of polymorph (26)
 M - a wand of iceblast (30)
 P - a wand of mindburst (48)
 S - a wand of light (33)
Scrolls
 h - 6 scrolls of poison
 n - a scroll of silence
 s - 4 scrolls of butterflies
 v - 20 scrolls of teleportation
 z - 12 scrolls of fog
 F - 4 scrolls of immolation
 R - 7 scrolls of vulnerability
 T - 6 scrolls of fear
 V - 3 scrolls of revelation
Potions
 c - 7 potions of ambrosia
 e - 5 potions of cancellation
 f - 6 potions of might
 g - 3 potions of heal wounds
 r - 4 potions of curing
 t - 2 potions of enlightenment
 A - 8 potions of haste
 D - 4 potions of resistance
 W - 5 potions of magic
Miscellaneous
 u - a lightning rod (4/4)
 B - a phantom mirror
 Q - a Gell's gravitambourine (2/2)


   Skills:
 + Level 19.8 Fighting
 + Level 20.8 Maces & Flails
 * Level 12.8 Throwing
 + Level 17.0 Armour
 - Level 2.9 Dodging
 + Level 18.7 Shields
 O Level 27 Invocations
 * Level 21.0 Evocations


You had 25 spell levels left.
You didn't know any spells.
Your spell library contained the following spells:

 Spells                   Type           Power      Damage    Failure   Level
 Apportation              Tloc           0%         N/A       90%         1
 Foxfire                  Conj/Fire      0%         2x1d4     90%         1
 Kiss of Death            Conj/Necr      0%         2d5       90%         1
 Slow                     Hex            0%         N/A       90%         1
 Cigotuvi's Dreadful Rot  Necr/Alch/Air  0%         N/A       97%         2
 Ensorcelled Hibernation  Hex/Ice        0%         N/A       97%         2
 Jinxbite                 Hex            0%         N/A       97%         2
 Mercury Vapours          Alch/Air       0%         N/A       97%         2
 Scorch                   Fire           0%         2d5       97%         2
 Sublimation of Blood     Necr           0%         N/A       97%         2
 Call Canine Familiar     Summ           0%         N/A       99%         3
 Confusing Touch          Hex            0%         N/A       99%         3
 Dazzling Flash           Conj/Hex       0%         N/A       99%         3
 Fugue of the Fallen      Necr           0%         N/A       99%         3
 Maxwell's Portable Pile  Tloc           0%         2d(5-13)  99%         3
 Mephitic Cloud           Conj/Alch/Air  0%         N/A       99%         3
 Passwall                 Erth           0%         N/A       99%         3
 Sigil of Binding         Hex            0%         N/A       99%         3
 Stone Arrow              Conj/Erth      0%         3d7       99%         3
 Summon Ice Beast         Ice/Summ       0%         N/A       99%         3
 Vampiric Draining        Necr           0%         2d6       99%         3
 Volatile Blastmotes      Fire/Tloc      0%         2d10      99%         3
 Anguish                  Hex/Necr       0%         N/A       100%        4
 Animate Armour           Summ/Erth      0%         N/A       100%        4
 Animate Dead             Necr           0%         N/A       100%        4
 Brom's Barrelling Bould  Conj/Erth      0%         2d3       100%        4
 Cause Fear               Hex            0%         N/A       100%        4
 Dimensional Bullseye     Hex/Tloc       0%         N/A       100%        4
 Dispel Undead            Necr           0%         3d6       100%        4
 Fulminant Prism          Conj/Alch      0%         3d5       100%        4
 Leda's Liquefaction      Alch/Erth      0%         N/A       100%        4
 Martyr's Knell           Necr/Summ      0%         N/A       100%        4
 Passage of Golubria      Tloc           0%         N/A       100%        4
 Petrify                  Alch/Erth      0%         N/A       100%        4
 Sticky Flame             Fire/Alch      0%         2d4       100%        4
 Summon Lightning Spire   Summ/Air       0%         N/A       100%        4
 Vhi's Electric Charge    Tloc/Air       0%         N/A       100%        4
 Alistair's Intoxication  Alch           0%         N/A       100%        5
 Arcjolt                  Conj/Air       0%         1d10      100%        5
 Borgnjor's Vile Clutch   Necr/Erth      0%         N/A       100%        5
 Curse of Agony           Necr           0%         N/A       100%        5
 Fireball                 Conj/Fire      0%         3d3       100%        5
 Freezing Cloud           Conj/Ice/Air   0%         6-21      100%        5
 Irradiate                Conj/Alch      0%         3d11      100%        5
 Iskenderun's Battlesphe  Conj           0%         2d6       100%        5
 Lee's Rapid Deconstruct  Erth           0%         3d4*      100%        5
 Metabolic Englaciation   Hex/Ice        0%         N/A       100%        5
 Silence                  Hex/Air        0%         N/A       100%        5
 Summon Forest            Summ/Tloc      0%         N/A       100%        5
 Summon Mana Viper        Hex/Summ       0%         N/A       100%        5
 Yara's Violent Unravell  Hex/Alch       0%         3d3       100%        5
 Bombard                  Conj/Erth      0%         9d1       100%        6
 Conjure Ball Lightning   Conj/Air       0%         3x3d6     100%        6
 Death Channel            Necr           0%         N/A       100%        6
 Starburst                Conj/Fire      0%         6d3       100%        6
 Summon Cactus Giant      Summ           0%         N/A       100%        6
 Enfeeble                 Hex            0%         N/A       100%        7
 Haunt                    Necr/Summ      0%         N/A       100%        7
 Orb of Destruction       Conj           0%         9d5       100%        7
 Borgnjor's Revivificati  Necr           0%         N/A       100%        8
 Discord                  Hex            0%         N/A       100%        8
 Disjunction              Tloc           0%         N/A       100%        8
 Infestation              Necr           0%         N/A       100%        8
 Lehudib's Crystal Spear  Conj/Erth      0%         10d2      100%        8
 Maxwell's Capacitive Co  Air            0%         ∞         100%        8
 Death's Door             Necr           0%         N/A       100%        9


Dungeon Overview and Level Annotations

Branches:
Dungeon (15/15)            Temple (1/1) D:5            Lair (5/5) D:10
 Shoals (4/4) Lair:2        Snake (4/4) Lair:3        Slime (5/5) Lair:4
    Orc (2/2) D:12            Elf (3/3) Orc:2        Vaults (5/5) D:13
  Crypt (3/3) Vaults:3       Tomb (0/3) Crypt:3      Depths (4/4) D:15
   Hell (visited)             Dis (0/7) Hell            Geh (0/7) Hell
    Coc (6/7) Hell            Tar (0/7) Hell            Zot (0/5) Depths:4
Ossuary (visited)           IceCv (visited)         Volcano (visited)
 WizLab (visited)         Gauntlet (visited)

Altars:
Ashenzari
Cheibriados
Dithmenos
Fedhas
Gozag
Hepliaklqana
Kikubaaqudgha
Makhleb
Nemelex Xobeh
Okawaru
Qazlal
Ru
Sif Muna
Trog
Uskayaw
Vehumet
Wu Jian
Xom
Yredelemnul
Beogh
Jiyva

Shops:
D:8 !   Orc:2 [[*[[   Elf:2 *   Shoals:3 *   Snake:2 (?   Snake:3 =[??[
Vaults:3 :

Portals:
Hell: Depths:1 Depths:2 Depths:3 Depths:4
Abyss: Depths:1 Depths:2 Depths:3
Pandemonium: Depths:2
Ziggurat: Depths:2

Annotations:
Lair:4 corrupted
Slime:5 corrupted
Elf:3 corrupted
Vaults:5 corrupted
Coc:3 corrupted
Abyss:1 Geryon, Khufu


Innate Abilities, Weirdness & Mutations

A powerful demonic guardian rushes to your aid.
You are powered by pain.
Your magical and physical power is enhanced at high health.
When seriously injured, your blood forms very thick armour. (AC +12)
You have a sharp stinger which inflicts weakening toxins.
You are very clumsy. (Dex -4)
Your system is resistant to poisons. (rPois)
Your spells are a little easier to cast, but a little less powerful.
You expend magic power (3 MP) to strengthen your wands.
[You are very dopey. (Int -4)]
[You are very frail. (-20% HP)]
[Potions cannot restore your health.]
[You sometimes lose the ability to read scrolls when taking damage.]


Message History

The necromancer gestures wildly while chanting.
The necromancer binds the souls of nearby monsters.
You hear a chilling moan.
Okay, then.
Okay, then.
You are confused.
Your system rejects the healing.
You feel invigorated.
The wretched star pulses with an eldritch light!
You feel frail. x2
You occasionally lose the ability to read scrolls when taking damage.
You lose the ability to read scrolls when taking damage more often.
The white draconian hits you but does no damage.
The ufetubus barely misses you. The ufetubus completely misses you.
Okay, then.
Your system rejects the healing.
You feel better.
You feel less invigorated. You block the sun demon's attack.
The spriggan defender skeleton completely misses you.
The ufetubus barely misses you. The ufetubus closely misses you.
The white draconian hits you with a +0 scimitar.
* * * LOW HITPOINT WARNING * * *
A demonic guardian appears!
The spriggan defender skeleton hits you but does no damage.
You block the sun demon's attack.
Your shield discharges, shocking the sun demon!
The sun demon resists.
The neqoxec gestures at you. Something gnaws on your mind!
* * * LOW HITPOINT WARNING * * *
You feel your power leaking away. You block the white draconian's attack.
The spriggan defender skeleton completely misses you.
The ufetubus closely misses you. You block the ufetubus's attack.
Your shield discharges, shocking the ufetubus!
You kill the ufetubus!
The ufetubus disappears in a puff of smoke!
The sun demon attacks as it pursues you!
You block the sun demon's attack. The balrug gestures at you.
Something smites you!
You die...

... .. ..## #.#
...###... ##. #
#...#.......#..
#.#.####....3
...... ....#.1..#
...u.# #..#.§#..#
.... #....@3##
##.#.## #..##Zd.#
#353..# # .
#Zp32#xx.....#.
.#.#...u* ...... .
##### #.....#25.
... .. # .
..#.#....###.....##
.. ......##.##.#.##
#....#....# .. . .
##........#.......#


You could see a cyan very ugly thing, a white draconian (soul bound, weak), a
balrug, a wretched star, 2 sun demons, a necromancer, a hellion, a neqoxec, an
ufetubus (summoned), a dire elephant zombie, a spriggan defender skeleton and a
friendly Hell Sentinel (summoned).

Vanquished Creatures
  the Royal Jelly (Slime:5)
  A dread lich (Vaults:5)
  Mara (Vaults:5)
  An ancient lich (Abyss:2)
  Mennas (Crypt:2)
  A royal mummy (Crypt:1)
  2 golden dragons
  Norris (Vaults:3)
  A profane servitor (Crypt:3)
  4 bone dragons
  2 hellephants (Hell)
  An electric golem (WizLab)
  A shard shrike skeleton (Crypt:2)
  6 tentacled monstrosities
  5 liches
  An Ice Fiend (Coc:6)
  5 titans
  A quicksilver dragon (Snake:4)
  12 acid blobs
  7 sphinxes
  A deep elf blademaster (Elf:2)
  Polyphemus (Shoals:3)
  4 ancient champions
  A kraken (Shoals:1)
  10 tentacled starspawn
  Gastronok (Lair:1)
  Aizul (Snake:3)
  The ghost of Piceto the Pyromancer, an adept DEFE of Vehumet (Elf:2)
  2 tengu reavers (Vaults:5)
  4 shadow dragons
  2 revenants
  Kirke (D:12)
  6 nagarajas
  The ghost of Assuef the Sensei, an adept DsBe of Trog (Elf:2)
  6 azure jellies
  An iron dragon (Depths:2)
  3 narguns
  2 fire giants
  A draconian monk (Depths:4)
  3 balrugs
  6 rockslimes
  2 deep elf elementalists (Elf:3)
  13 vault wardens
  5 reapers
  4 curse skulls
  2 deep elf sorcerers
  5 frost giants
  2 shard shrike simulacra (Coc:6)
  3 cacodemons
  12 ironbound preservers
  8 ghouls
  6 quicksilver oozes
  10 stone giants
  2 formless jellyfish (Vaults:1)
  11 ironbound thunderhulks
  2 eleionomae (Shoals:1)
  11 vampire knights
  An ophan (Abyss:4)
  22 very ugly things
  A deep elf annihilator (Elf:2)
  5 elemental wellsprings
  10 dire elephants
  4 deep elf demonologists
  A yellow draconian (Depths:4)
  A black draconian (Depths:4)
  3 wendigos
  2 deep elf death magi
  7 war gargoyles
  2 red draconians (Depths:4)
  A minotaur (Gauntlet)
  2 bunyips
  A white draconian (Depths:4)
  5 spark wasps
  3 blizzard demons
  5 ettins
  A mummy priest (Crypt:3)
  2 green deaths
  3 jiangshi
  10 eidola
  5 merfolk javelineers
  A crystal guardian (Hell)
  10 merfolk impalers
  A deep elf high priest (Vaults:5)
  8 fire dragons
  2 spriggan zombies (Crypt:3)
  8 yaktaur captains
  A shambling mangrove (Abyss:4)
  A spriggan air mage (Depths:4)
  4 hell beasts
  27 vault guards
  5 rakshasas
  6 caustic shrike simulacra
  3 fenstrider witch zombies (Crypt:3)
  12 great orbs of eyes
  5 ice dragons
  5 hydras
  2 merfolk avatars (Shoals:3)
  5 salamander tyrants
  3 alligator snapping turtles
  4 anacondas
  12 ironbound frosthearts
  A juggernaut simulacrum (Coc:2)
  4 merfolk aquamancers
  10 centaur warriors
  12 boulder beetles
  2 ghost crabs (Abyss:4)
  5 peacekeepers
  3 two-headed ogres
  29 dancing weapons
  Erica (D:10)
  3 satyrs (Shoals:1)
  8 death knights
  4 hell hogs (Hell)
  6 death yaks
  8 naga warriors
  11 tengu warriors
  2 spriggan berserkers
  3 deep troll earth magi
  6 vampire magi
  22 thrashing horrors
  2 orc high priests
  2 crystal echidnas (Depths:1)
  11 hell knights
  2 demonic crawlers (Abyss:4)
  9 soul eaters
  7 skysharks
  An occultist (Depths:3)
  4 naga sharpshooters
  Nergalle (Orc:1)
  2 titan skeletons
  6 shock serpents
  22 deep elf knights
  9 sun demons
  11 wretched stars
  Amaemon (D:9)
  2 sixfirhies
  8 iron trolls
  2 salamander mystics (Snake:2)
  65 deep trolls
  12 sea snakes
  4 shadow wraiths
  Lodul (D:12)
  24 skeletal warriors
  17 deep elf archers
  A shining eye (shapeshifter) (Elf:1)
  A fire crab (Abyss:4)
  A bunyip zombie (Crypt:3)
  42 large abominations
  A skyshark (shapeshifter) (Vaults:5)
  A cherub (Shoals:3)
  2 quicksilver dragon simulacra
  An orb spider (Abyss:3)
  6 flayed ghosts
  A glowing orange brain (shapeshifter) (Vaults:5)
  A steelbarb worm (shapeshifter) (Depths:3)
  4 bog bodies
  A spatial maelstrom (Abyss:4)
  5 orange crystal statues
  5 glowing orange brains
  An iron giant skeleton (Abyss:4)
  7 mana vipers
  3 spriggan simulacra
  5 arcanists
  A fenstrider witch simulacrum (Coc:1)
  3 naga ritualists
  An obsidian statue (IceCv)
  2 harpies (shapeshifter) (D:15)
  3 thermic dynamos (WizLab)
  29 phantasmal warriors
  3 orc knights (Orc:2)
  Pikel (D:8)
  A lindwurm (shapeshifter) (Depths:1)
  2 obsidian bats
  A bunyip skeleton (Crypt:2)
  7 lindwurms
  A goliath frog zombie (Crypt:1)
  A jorogumo zombie (Crypt:1)
  28 deep elf pyromancers
  11 necromancers
  13 ironbound convokers
  2 lightning spires (WizLab)
  5 harpies
  2 wolf spiders (Crypt:3)
  29 deep elf zephyrmancers
  An alligator zombie (Crypt:3)
  A shadow dragon skeleton (Depths:2)
  2 shining eyes
  A sphinx simulacrum (Vaults:5)
  2 oklob plants (D:10)
  17 fauns
  A tengu skeleton (Vaults:1)
  24 ugly things
  4 orc sorcerers (Orc:2)
  A worldbinder (Abyss:4)
  8 cyclopes
  10 elephants
  10 manticores
  18 salamanders
  A will-o-the-wisp (Abyss:1)
  A fire giant skeleton (Vaults:1)
  29 black mambas
  A frost giant skeleton (Depths:2)
  9 merfolk sirens
  A moth of wrath (Gauntlet)
  A dire elephant zombie (Crypt:3)
  4 guardian serpents (Snake:4)
  A stone giant skeleton (Vaults:1)
  5 water nymphs
  3 kobold blastminers (Orc:1)
  Joseph (D:8)
  6 torpor snails (Lair:5)
  14 cane toads
  5 apocalypse crabs
  14 smoke demons
  9 molten gargoyles
  7 orange demons
  Maggie (D:6)
  7 gargoyles
  2 titan simulacra (Coc:1)
  13 vault sentinels
  An ice statue (D:11)
  2 eyes of devastation
  A storm dragon simulacrum (Coc:1)
  13 naga magi
  2 unseen horrors
  2 hellions
  Jeremiah (D:6)
  24 yaktaurs
  5 rime drakes
  5 efreet (Abyss:4)
  7 ice devils
  6 komodo dragons
  3 tormentors
  2 golden dragon simulacra (IceCv)
  2 tengu conjurers (D:13)
  2 guardian mummies
  20 freezing wraiths
  3 bunyip simulacra
  A purple draconian skeleton (Crypt:2)
  A red devil (Hell)
  10 anaconda simulacra
  39 merfolk
  3 wind drakes
  A harpy zombie (Abyss:4)
  A queen bee (shapeshifter) (D:15)
  11 ancient zymes
  7 trolls
  4 polar bears
  3 hellwings
  3 iron giant simulacra
  11 hornets
  An alligator simulacrum (IceCv)
  4 tyrant leeches (Lair:5)
  A harpy skeleton (Abyss:4)
  2 jumping spiders (Crypt:3)
  10 blink frogs
  Prince Ribbit (D:8)
  A fire dragon zombie (Abyss:1)
  29 raiju
  An ettin skeleton (Depths:2)
  A shadow dragon simulacrum (Crypt:2)
  47 slime creatures
  A stone giant simulacrum (Coc:1)
  Sigmund (D:2)
  4 air elementals
  7 glass eyes
  4 snapping turtles
  15 dream sheep
  A culicivora (Vaults:2)
  A spriggan (Depths:2)
  A wyvern (shapeshifter) (D:15)
  4 basilisks
  19 wraiths
  A shadow (Crypt:3)
  14 water elementals
  6 ynoxinuls
  7 dire elephant simulacra
  A human (shapeshifter) (Elf:2)
  3 wyverns
  3 fire elementals
  A hog (D:11)
  2 black mamba zombies
  A hog (shapeshifter) (Elf:2)
  50 yaks
  A fire bat (Abyss:2)
  3 golden eyes
  4 humans (D:13)
  6 steam dragons
  A tyrant leech zombie (Crypt:2)
  5 redbacks (Crypt:3)
  11 neqoxecs
  7 wargs (Orc:2)
  7 chaos spawn (Abyss:4)
  4 vampire mosquitoes (D:11)
  A glowing shapeshifter zombie (Vaults:5)
  2 minotaur simulacra (IceCv)
  A fire bat zombie (Crypt:1)
  A spatial vortex (Abyss:4)
  37 nagas
  10 harpy simulacra
  An acid dragon (D:11)
  3 hydra simulacra
  3 hell hounds (Volcano)
  8 water moccasins
  Duvessa (D:6)
  A glowing shapeshifter skeleton (Depths:2)
  2 sky beasts (D:7)
  2 black bears
  3 ettin simulacra
  31 laughing skulls
  31 orc warriors
  4 ice beasts
  15 centaurs
  9 ogres
  A boggart (Vaults:2)
  50 starcursed masses
  An elephant zombie (Crypt:1)
  22 wolves
  A dream sheep skeleton (Crypt:1)
  2 lemures (D:8)
  2 phantoms
  3 kobold brigands
  4 weeping skulls (Abyss:4)
  Blork the orc (D:4)
  12 bullfrogs
  4 brain worms (Abyss:4)
  5 earth elementals
  2 yaktaur skeletons (Crypt:1)
  2 scorpions
  A deep troll simulacrum (IceCv)
  An elf skeleton (Crypt:1)
  28 wights
  28 small abominations
  8 wyvern skeletons (Crypt:3)
  Dowan (D:6)
  4 lindwurm simulacra (IceCv)
  3 killer bees (D:8)
  An electric eel (Lair:2)
  3 howler monkeys
  5 crimson imps
  5 quasits
  3 centaur zombies
  13 orc priests
  5 hounds
  3 bombardier beetles
  Crazy Yiuf (D:3)
  2 iguanas
  2 iron imps
  A sleepcap (D:5)
  Natasha (thrice) (D:3)
  Ijyb (D:4)
  29 orc wizards
  11 hell rats
  A boggart skeleton (Crypt:1)
  3 crocodile zombies (Ossuary)
  4 mummies
  Robin (D:4)
  3 gnolls (D:6)
  10 adders
  15 river rats (Lair:3)
  A shadow imp (D:8)
  7 white imps
  10 ufetubi
  A lava snake zombie (Crypt:1)
  7 dart slugs
  2 ribbon worms
  79 orcs
  6 ball pythons
  8 endoplasms
  4 giant cockroaches
  12 goblins
  7 hobgoblins
  9 jackals
  20 kobolds
  8 quokkas
  3 bats
  7 frilled lizards
  A frilled lizard skeleton (Crypt:2)
  A frilled lizard zombie (Crypt:1)
  3 gnoll zombies (Ossuary)
  2 kobold zombies (Ossuary)
  21 rats
  2 lurking horrors
  13 starspawn tentacles
  3 tentacles (Abyss:4)
2472 creatures vanquished.

Vanquished Creatures (collateral kills)
  Xtahua (Vaults:3)
  A golden dragon (Vaults:5)
  A bone dragon (Depths:2)
  A tentacled monstrosity (Abyss:4)
  A sphinx (Vaults:5)
  2 acid blobs
  A fire giant (D:14)
  2 shadow dragons
  3 rockslimes (Slime:5)
  A nagaraja (Snake:3)
  A draconian monk (Abyss:4)
  A balrug (Hell)
  3 vault wardens
  An iron dragon (Vaults:5)
  A green draconian (Depths:4)
  A white draconian (Depths:4)
  The ghost of Koneso the Eclecticist, a journeyman DjCj of Ashenzari (D:14)
  An elemental wellspring (Coc:1)
  A purple draconian (Depths:4)
  A merfolk javelineer (Shoals:4)
  A green death (Abyss:4)
  An ettin (WizLab)
  2 fire dragons (Depths:4)
  A merfolk impaler (Shoals:4)
  A crystal guardian (Vaults:4)
  A great orb of eyes (Abyss:4)
  An ironbound frostheart (Vaults:1)
  A death knight (Crypt:1)
  A merfolk aquamancer (Shoals:4)
  2 boulder beetles
  3 death yaks
  A thrashing horror (Abyss:4)
  A tengu warrior (D:14)
  A naga sharpshooter (Snake:1)
  Sonja (D:10)
  An occultist (Depths:1)
  A hell knight (Depths:1)
  A sun demon (Depths:2)
  2 skysharks (Vaults:3)
  A fire crab (Abyss:4)
  A sea snake (Shoals:4)
  A deep elf archer (D:14)
  A cherub (Shoals:4)
  A mana viper (Abyss:1)
  2 deep trolls
  An arcanist (Vaults:2)
  2 lindwurms
  2 orc knights (Orc:2)
  A phantasmal warrior (Crypt:3)
  5 deep elf pyromancers
  A deep elf zephyrmancer (Orc:1)
  An orc sorcerer (Orc:2)
  A cyclops (D:15)
  A manticore (Shoals:2)
  A frost giant zombie (Depths:2)
  3 smoke demons (Abyss:4)
  A black mamba (Snake:4)
  A gargoyle (WizLab)
  3 large abominations (Abyss:4)
  2 cane toads
  A yaktaur (Vaults:3)
  An efreet (Abyss:4)
  5 freezing wraiths
  A hellwing (Abyss:4)
  4 merfolk
  A wind drake (Shoals:2)
  3 raiju
  A dream sheep (Lair:5)
  A ynoxinul (Abyss:4)
  3 slime creatures
  A dire elephant simulacrum (IceCv)
  An ushabti (Crypt:3)
  A yak (Lair:2)
  A warg (Orc:1)
  A chaos spawn (Abyss:4)
  A harpy simulacrum (Abyss:4)
  A spatial vortex (Abyss:4)
  3 orc warriors
  4 laughing skulls
  A wolf (Lair:2)
  2 weeping skulls (Abyss:4)
  A bullfrog (Lair:2)
  2 starcursed masses
  An iron imp (Abyss:4)
  An orc wizard (Orc:2)
  6 orcs (Orc:2)
132 creatures vanquished.

Vanquished Creatures (others)
  Saint Roka (Elf:3)
  A lich (Depths:2)
  An Ice Fiend (Coc:3)
  A titan (Coc:3)
  2 deep elf blademasters (Elf:3)
  2 deep elf master archers (Elf:3)
  A kraken (Abyss:4)
  5 acid blobs (Slime:5)
  2 rockslimes (Slime:5)
  2 narguns (Coc:3)
  3 azure jellies (Slime:5)
  2 deep elf sorcerers (Elf:3)
  3 deep elf elementalists (Elf:3)
  A shard shrike simulacrum (Coc:5)
  A quicksilver ooze (Slime:5)
  A stone giant (Depths:1)
  7 deep elf death magi (Elf:3)
  4 elemental wellsprings (Coc:3)
  3 deep elf demonologists
  5 deep elf annihilators (Elf:3)
  3 deep elf high priests (Elf:3)
  2 caustic shrike simulacra
  A great orb of eyes (Slime:5)
  6 vault guards (Vaults:5)
  An entropy weaver (Vaults:5)
  2 juggernaut simulacra
  2 dancing weapons (Elf:3)
  A thrashing horror (Abyss:4)
  8 deep elf knights
  A deep elf archer (Elf:3)
  A quicksilver dragon simulacrum (Coc:4)
  3 spriggan simulacra
  3 deep elf pyromancers (Elf:3)
  2 deep elf zephyrmancers (Elf:3)
  An orc sorcerer (Elf:3)
  A manticore (Shoals:2)
  A molten gargoyle (WizLab)
  A black mamba (Lair:4)
  A vault sentinel (Vaults:5)
  A cane toad (Lair:4)
  A hellion (Coc:3)
  3 anaconda simulacra
  A troll (Elf:3)
  A blink frog (Lair:4)
  A slime creature (Slime:5)
  4 yaks (Lair:4)
  2 dire elephant simulacra (Coc:3)
  An air elemental (Elf:3)
  4 humans
  A basilisk (Lair:4)
  An alligator snapping turtle simulacrum (Coc:3)
  5 orc warriors (Elf:3)
  2 ogres
  2 small abominations (Abyss:4)
  2 ettin simulacra (Coc:3)
  A bullfrog (Lair:4)
  2 orc wizards
  3 orcs (Elf:3)
  72 starspawn tentacles
  19 tentacles
218 creatures vanquished.

Grand Total: 2822 creatures vanquished

Notes
Turn   | Place    | Note
-------+----------+-------------------------------------------
     0 | D:1      | Subbak the Demonspawn Monk began the quest for the Orb.
     0 | D:1      | Reached XP level 1. HP: 18/18 MP: 1/1
    67 | D:1      | Gained mutation: When seriously injured, your blood forms
                  | armour. (AC +12) [demonic ancestry]
    67 | D:1      | Reached XP level 2. HP: 21/24 MP: 2/2
   517 | D:1      | Reached XP level 3. HP: 20/29 MP: 3/3
  1115 | D:2      | Noticed Sigmund
  1202 | D:2      | Killed Sigmund
  1203 | D:2      | Reached XP level 4. HP: 19/38 MP: 4/4
  1203 | D:2      | Gained mutation: When seriously injured, your blood forms
                  | thick armour. (AC +12) [demonic ancestry]
  1203 | D:2      | Reached XP level 5. HP: 22/43 MP: 5/5
  1306 | D:2      | Found a snail-covered altar of Cheibriados.
  1393 | D:2      | Reached skill level 5 in Maces & Flails
  1763 | D:3      | Gained mutation: You have a small tail. [demonic ancestry]
  1763 | D:3      | Reached XP level 6. HP: 49/49 MP: 6/6
  1937 | D:3      | Noticed Natasha
  1946 | D:3      | Killed Natasha
  1960 | D:3      | Noticed Natasha
  1967 | D:3      | Killed Natasha
  2054 | D:3      | Found a radiant altar of Vehumet.
  2254 | D:3      | Reached skill level 5 in Fighting
  2463 | D:3      | Found a runed translucent door.
  2464 | D:3      | Noticed Crazy Yiuf
  2491 | D:3      | Noticed Natasha
  2503 | D:3      | Killed Natasha
  2570 | D:4      | Found a bloodstained altar of Trog.
  2734 | D:4      | Reached XP level 7. HP: 32/56 MP: 7/7
  2898 | D:4      | Noticed Blork the orc
  2907 | D:4      | Killed Blork the orc
  2984 | D:4      | Noticed Robin
  3330 | D:4      | Killed Robin
  3447 | D:4      | Noticed Ijyb
  3451 | D:4      | Gained mutation: You are clumsy. (Dex -2) [potion of
                  | mutation]
  3451 | D:4      | Gained mutation: You are resistant to electric shocks.
                  | (rElec) [potion of mutation]
  3451 | D:4      | Gained mutation: Your flesh is cold resistant. (rC+)
                  | [potion of mutation]
  3468 | D:4      | Killed Ijyb
  3696 | D:4      | Found a blossoming altar of Fedhas.
  3777 | D:4      | Reached skill level 1 in Armour
  4107 | D:5      | Entered Level 5 of the Dungeon
  4151 | D:5      | Reached XP level 8. HP: 64/64 MP: 8/8
  4294 | D:5      | Found a hide-covered altar of Uskayaw.
  4431 | D:5      | Found an opulent altar of Gozag.
  4502 | D:5      | Found a staircase to the Ecumenical Temple.
  4654 | Temple   | Entered the Ecumenical Temple
  4667 | Temple   | Became a worshipper of Warmaster Okawaru
  4667 | Temple   | Reached * piety under Okawaru
  4667 | Temple   | Reached ** piety under Okawaru
  5062 | D:6      | Reached skill level 1 in Evocations
  5125 | D:6      | Reached skill level 1 in Invocations
  5174 | D:6      | Found a sand-covered staircase.
  5179 | Ossuary  | Entered an ossuary
  5287 | Ossuary  | Identified a scroll of acquirement
  5296 | D:6      | Acquired a +1 demon whip of draining
  5427 | D:6      | Noticed Jeremiah
  5630 | D:7      | Reached skill level 2 in Invocations
  5700 | D:7      | Noticed a two-headed ogre
  5709 | D:7      | Killed a two-headed ogre
  5710 | D:7      | Reached skill level 3 in Invocations
  5710 | D:7      | Reached XP level 9. HP: 55/72 MP: 9/11
  5816 | D:7      | Reached *** piety under Okawaru
  5823 | D:7      | Reached skill level 4 in Invocations
  5888 | D:7      | Found a snail-covered altar of Cheibriados.
  5927 | D:6      | Noticed Maggie
  5948 | D:6      | Killed Maggie
  6091 | D:6      | Killed Jeremiah
  6210 | D:6      | Reached skill level 5 in Invocations
  6316 | D:6      | Noticed Duvessa
  6319 | D:6      | Noticed Dowan
  6333 | D:6      | Killed Duvessa
  6342 | D:6      | Killed Dowan
  6518 | D:6      | Reached **** piety under Okawaru
  7295 | D:8      | Reached skill level 6 in Invocations
  7343 | D:8      | Gained mutation: You have a tail ending in a sharp stinger.
                  | [demonic ancestry]
  7343 | D:8      | Reached XP level 10. HP: 80/80 MP: 14/14
  7498 | D:8      | Noticed Joseph
  7511 | D:8      | Killed Joseph
  7512 | D:8      | Reached skill level 10 in Maces & Flails
  7512 | D:8      | Noticed Prince Ribbit
  7532 | D:8      | Reached skill level 7 in Invocations
  7543 | D:8      | Killed Prince Ribbit
  7616 | D:8      | Found Wahusm's Distillery.
  7624 | D:8      | Bought a potion of degeneration for 13 gold pieces
  7624 | D:8      | Bought a potion of curing for 39 gold pieces
  7629 | D:8      | Bought a potion of curing for 39 gold pieces
  7629 | D:8      | Bought a potion of heal wounds for 65 gold pieces
  7629 | D:8      | Bought a potion of heal wounds for 65 gold pieces
  7629 | D:8      | Bought a potion of curing for 39 gold pieces
  7654 | D:8      | Noticed Pikel
  7679 | D:8      | Killed Pikel
  7679 | D:8      | Reached ***** piety under Okawaru
  7680 | D:8      | Reached skill level 5 in Armour
  7701 | D:8      | Found a shimmering blue altar of Sif Muna.
  7986 | D:9      | Reached skill level 8 in Invocations
  8200 | D:9      | Noticed Amaemon
  8200 | D:9      | Noticed an orange demon
  8215 | D:9      | Killed Amaemon
  8223 | D:9      | Killed an orange demon
  8223 | D:9      | Received a gift from Okawaru
  8335 | D:9      | Reached skill level 9 in Invocations
  8579 | D:9      | Acquired a manual of Maces & Flails
  8658 | D:9      | Noticed a cyan ugly thing
  8680 | D:9      | Noticed a green ugly thing
  8699 | D:9      | Reached XP level 11. HP: 55/87 MP: 9/18
  8860 | D:9      | Killed a green ugly thing
  8869 | D:9      | Killed a cyan ugly thing
  8880 | D:9      | Identified the ring of Zesirraf {rElec rN+ Dex+6}
  9126 | D:10     | Entered Level 10 of the Dungeon
  9153 | D:10     | Reached skill level 10 in Invocations
  9164 | D:10     | Received a gift from Okawaru
  9425 | D:10     | Found a sparkling altar of Nemelex Xobeh.
  9596 | D:10     | Identified the +9 long sword of Anguish {chaos, Str+7}
  9601 | D:10     | Reached skill level 1 in Throwing
  9743 | D:10     | Found a staircase to the Lair.
  9743 | D:10     | Noticed an oklob plant
  9821 | D:10     | Noticed Erica
  9832 | D:10     | Killed Erica
  9887 | D:10     | Found a transporter.
  9891 | D:10     | Found a transporter.
  9891 | D:10     | Noticed a great orb of eyes
  9893 | D:10     | Found a viscous altar of Jiyva.
  9921 | D:10     | Noticed an oklob plant
 10519 | D:11     | Found a gate leading to a gauntlet.
 10555 | Gauntlet | Entered a Gauntlet
 10555 | Gauntlet | Noticed a glowing orange brain
 10555 | Gauntlet | Noticed a glowing orange brain
 10555 | Gauntlet | Noticed a green ugly thing
 10555 | Gauntlet | Found a transporter.
 10555 | Gauntlet | Found a transporter.
 10555 | Gauntlet | Found a transporter.
 10578 | Gauntlet | Found a transporter.
 10580 | Gauntlet | Found a transporter.
 10580 | Gauntlet | Noticed a wretched star
 10588 | Gauntlet | Found a transporter.
 10610 | Gauntlet | Found a transporter.
 10616 | Gauntlet | Found a transporter.
 10624 | Gauntlet | Found a transporter.
 10656 | Gauntlet | Found a transporter.
 10665 | Gauntlet | Found a transporter.
 10709 | Gauntlet | Found a transporter.
 10836 | Gauntlet | Reached skill level 11 in Invocations
 10975 | Arena    | Entered the Arena
 11018 | Gauntlet | Identified the +0 pair of boots "Yso Mak" {rC++ Regen+
                  | Dex+2}
 11196 | Gauntlet | Identified the ring of Reimbursement {Fly rElec rC+ rCorr
                  | Str-4}
 11260 | Gauntlet | Identified the ring "Jatahanu" {Fly rC+ Dex+3}
 11260 | Gauntlet | Noticed a minotaur
 11275 | Gauntlet | Killed a minotaur
 11279 | Gauntlet | Identified the +0 leather armour of Bespelled Beauty {rC+
                  | Regen+ Dex-4}
 11476 | D:11     | Noticed an orange crystal statue
 11570 | D:11     | Gained mutation: A weak demonic guardian rushes to your
                  | aid. [demonic ancestry]
 11570 | D:11     | Reached XP level 12. HP: 91/93 MP: 20/20
 11573 | D:11     | Received a gift from Okawaru
 11589 | D:11     | Reached skill level 12 in Invocations
 11893 | D:11     | Noticed a boulder beetle
 11928 | D:11     | Killed a boulder beetle
 12168 | D:11     | Noticed a two-headed ogre
 12176 | D:11     | Killed a two-headed ogre
 12425 | D:10     | Noticed Sonja
 12430 | Abyss:1  | Cast into level 1 of the Abyss (Sonja)
 12600 | Abyss:1  | Noticed a tentacled starspawn
 12671 | Abyss:1  | Received a gift from Okawaru
 12713 | Abyss:1  | Reached skill level 10 in Fighting
 12723 | Abyss:1  | Reached skill level 13 in Invocations
 12757 | Abyss:1  | Noticed a rakshasa
 12844 | Abyss:1  | Found a corrupted altar of Lugonu.
 12854 | Abyss:1  | Fell from the grace of Okawaru
 12854 | Abyss:1  | Became a worshipper of Lugonu the Unformed
 12854 | Abyss:1  | Reached * piety under Lugonu
 12854 | Abyss:1  | Reached ** piety under Lugonu
 12874 | D:10     | Escaped the Abyss
 12881 | D:10     | Killed Sonja
 13116 | Lair:1   | Entered Level 1 of the Lair of Beasts
 13348 | Lair:1   | Reached skill level 14 in Invocations
 13608 | Lair:1   | Noticed Gastronok
 13630 | Lair:1   | Killed Gastronok
 13631 | Lair:1   | Gained mutation: You sometimes gain a little power by
                  | taking damage. [demonic ancestry]
 13631 | Lair:1   | Reached XP level 13. HP: 99/104 MP: 19/23
 13977 | Lair:1   | Banished a yellow draconian
 13978 | Lair:1   | Noticed a yellow draconian
 13978 | Lair:1   | Noticed a merfolk javelineer
 13979 | Lair:1   | Banished a yellow draconian
 13996 | Lair:1   | Killed a merfolk javelineer
 14348 | Lair:2   | Reached *** piety under Lugonu
 14357 | Lair:2   | Banished a deep elf blademaster
 14357 | Lair:2   | Banished a white draconian
 14693 | Lair:2   | Reached skill level 15 in Invocations
 14728 | Lair:2   | Found a staircase to the Shoals.
 15000 | Lair:2   | Banished a merfolk javelineer
 15039 | Lair:2   | Banished an orc warlord
 15095 | Lair:2   | Upgraded the game from 0.32-a0-900-g30fb1b0edc to
                  | 0.32-a0-909-gc671339a80
 15228 | Lair:3   | Found a staircase to the Snake Pit.
 15343 | Lair:3   | Reached **** piety under Lugonu
 15849 | Lair:3   | Found a basalt altar of Yredelemnul.
 16134 | Lair:3   | Reached ***** piety under Lugonu
 16368 | Lair:4   | Found a viscous altar of Jiyva.
 16368 | Lair:4   | Found a staircase to the Slime Pits.
 16388 | Lair:4   | Banished a deep elf blademaster
 16389 | Lair:4   | Noticed a deep elf blademaster
 16400 | Lair:4   | Corrupted Lair:4
 16400 | Lair:4   | Noticed a lich
 16400 | Lair:4   | Noticed a starcursed mass
 16403 | Lair:4   | Noticed a green very ugly thing
 16403 | Lair:4   | Noticed a tentacled starspawn
 16474 | Lair:4   | Banished a deep elf blademaster
 16501 | Lair:4   | Reached skill level 16 in Invocations
 16804 | Lair:4   | Banished a merfolk impaler
 17226 | Lair:5   | Entered Level 5 of the Lair of Beasts
 17437 | Lair:5   | Reached skill level 5 in Evocations
 17519 | Lair:5   | Gained mutation: You sometimes gain power by taking damage.
                  | [demonic ancestry]
 17519 | Lair:5   | Reached XP level 14. HP: 107/113 MP: 23/26
 17528 | Lair:5   | Reached skill level 15 in Maces & Flails
 17870 | Lair:5   | Reached skill level 17 in Invocations
 18522 | Lair:5   | Banished a fire giant
 18523 | Lair:5   | Noticed a fire giant
 18523 | Lair:5   | Banished a fire giant
 18560 | Lair:5   | Banished a fire giant
 19507 | D:12     | Reached skill level 18 in Invocations
 19539 | D:12     | Noticed Kirke
 19683 | D:12     | Killed Kirke
 20105 | D:12     | You fall into a shaft and drop 3 floors!
 20105 | D:15     | Entered Level 15 of the Dungeon
 20208 | D:15     | Banished an orc warlord
 20270 | D:14     | Found a runed translucent gate.
 20270 | D:14     | Found a runed translucent gate.
 20350 | D:14     | Gained mutation: A demonic guardian rushes to your aid.
                  | [demonic ancestry]
 20350 | D:14     | Reached XP level 15. HP: 98/122 MP: 21/28
 20556 | D:12     | Found a staircase to the Orcish Mines.
 20564 | D:12     | Banished a frost giant
 20564 | D:12     | Banished a frost giant
 20564 | D:12     | Was forgiven by Okawaru
 20624 | D:12     | Noticed Lodul
 20633 | D:12     | Killed Lodul
 20634 | D:12     | Reached skill level 1 in Shields
 21019 | Orc:1    | Entered Level 1 of the Orcish Mines
 21089 | Orc:1    | Reached skill level 10 in Armour
 21292 | Orc:1    | Noticed Nergalle
 21293 | Orc:1    | Found a dark tunnel.
 21298 | Orc:1    | Killed Nergalle
 21307 | Volcano  | Entered a volcano
 21692 | Orc:1    | Lost mutation: Your flesh is cold resistant. (rC+) [potion
                  | of mutation]
 21692 | Orc:1    | Lost mutation: You are resistant to electric shocks.
                  | (rElec) [potion of mutation]
 21692 | Orc:1    | Gained mutation: A frigid envelope surrounds you and
                  | freezes all who hurt you. [potion of mutation]
 21692 | Orc:1    | Gained mutation: You expend magic power (3 MP) to
                  | strengthen your wands. [potion of mutation]
 21693 | Orc:1    | Lost mutation: A frigid envelope surrounds you and freezes
                  | all who hurt you. [potion of mutation]
 21693 | Orc:1    | Lost mutation: You expend magic power (3 MP) to strengthen
                  | your wands. [potion of mutation]
 21693 | Orc:1    | Lost mutation: You are clumsy. (Dex -2) [potion of
                  | mutation]
 21693 | Orc:1    | Gained mutation: Your mind is acute. (Int +4, Str/Dex -1)
                  | [potion of mutation]
 21693 | Orc:1    | Gained mutation: You passively dampen the noise of your
                  | surroundings. [potion of mutation]
 21693 | Orc:1    | Gained mutation: You expend magic power (3 MP) to
                  | strengthen your wands. [potion of mutation]
 21694 | Orc:1    | Lost mutation: You expend magic power (3 MP) to strengthen
                  | your wands. [potion of mutation]
 21694 | Orc:1    | Lost mutation: You passively dampen the noise of your
                  | surroundings. [potion of mutation]
 21694 | Orc:1    | Gained mutation: You are agile. (Dex +4, Str/Int -1)
                  | [potion of mutation]
 21694 | Orc:1    | Gained mutation: You expend magic power (3 MP) to
                  | strengthen your wands. [potion of mutation]
 21694 | Orc:1    | Gained mutation: You have large cloven feet. [potion of
                  | mutation]
 21695 | Orc:1    | Lost mutation: You have large cloven feet. [potion of
                  | mutation]
 21695 | Orc:1    | Lost mutation: Your mind is acute. (Int +4, Str/Dex -1)
                  | [potion of mutation]
 21695 | Orc:1    | Lost mutation: You are agile. (Dex +4, Str/Int -1) [potion
                  | of mutation]
 21695 | Orc:1    | Gained mutation: Your magical capacity is low. (-10% MP)
                  | [potion of mutation]
 21695 | Orc:1    | Gained mutation: Your mind is acute. (Int +4, Str/Dex -1)
                  | [potion of mutation]
 22147 | Orc:2    | Entered Level 2 of the Orcish Mines
 22318 | Orc:2    | Found Ahejol's General Store.
 22347 | Orc:2    | Found a roughly hewn altar of Beogh.
 22767 | Orc:2    | Reached ****** piety under Lugonu
 22798 | Orc:2    | Paralysed by an orc sorcerer for 5 turns
 22943 | Orc:2    | Found Gilin's Antique Armour Shoppe.
 22985 | Orc:2    | Found a roughly hewn altar of Beogh.
 23000 | Orc:2    | Found Geadigo's Armour Shoppe.
 23013 | Orc:2    | Found Cotsid's Antique Armour Emporium.
 23033 | Orc:2    | Reached skill level 19 in Invocations
 23134 | Orc:2    | Found a staircase to the Elven Halls.
 23297 | Orc:2    | Found Umisycsa's Antique Armour Emporium.
 23317 | Orc:2    | Bought a glowing plate armour for 780 gold pieces
 23355 | Orc:2    | Bought the +5 Storm Queen's Shield {shock, Fly rElec} for
                  | 684 gold pieces
 23355 | Orc:2    | Found the +5 Storm Queen's Shield {shock, Fly rElec}
 23731 | Elf:1    | Entered Level 1 of the Elven Halls
 24398 | Elf:1    | Paralysed by an air elemental for 1 turns
 24791 | Elf:1    | Reached skill level 5 in Shields
 24956 | Elf:2    | Noticed a deep elf sorcerer
 24958 | Elf:2    | Reached XP level 16. HP: 130/130 MP: 20/26
 25113 | Elf:2    | Found Axytohue's General Store.
 25155 | Elf:2    | Paralysed by an air elemental for 1 turns
 25386 | Elf:2    | Found a huge runed translucent gate.
 25386 | Elf:2    | Found a huge runed translucent gate.
 25386 | Elf:2    | Found a huge runed translucent gate.
 25386 | Elf:2    | Found a huge runed translucent gate.
 25387 | Elf:2    | Found a huge runed translucent gate.
 25740 | Elf:2    | Found a runed translucent gate.
 25758 | Elf:2    | Reached skill level 20 in Invocations
 26096 | Elf:1    | Identified a +5 demon whip of distortion (a +3 demon whip
                  | of draining corrupted by Lugonu)
 26096 | Elf:1    | Received a gift from Lugonu
 26201 | Elf:2    | Found a runed translucent gate.
 26201 | Elf:2    | Found a runed translucent gate.
 26201 | Elf:2    | Noticed Piceto's ghost (adept DEFE)
 26202 | Elf:2    | Noticed Assuef's ghost (adept DsBe)
 26965 | D:3      | Killed Crazy Yiuf
 27411 | Elf:2    | Bought a wand of iceblast (5) for 180 gold pieces
 27411 | Elf:2    | Bought a ring of willpower for 375 gold pieces
 27828 | Elf:3    | Entered Level 3 of the Elven Halls
 28043 | Elf:3    | Noticed a deep elf blademaster
 28043 | Elf:3    | Noticed a deep elf master archer
 28044 | Elf:3    | Corrupted Elf:3
 28044 | Elf:3    | Noticed a Hell Sentinel
 28044 | Elf:3    | Noticed a lich
 28048 | Elf:3    | Killed a deep elf blademaster
 28052 | Elf:3    | Noticed a bone dragon
 28054 | Elf:3    | Killed a deep elf master archer
 28082 | Elf:3    | Killed a deep elf master archer
 28089 | Elf:3    | Killed a deep elf blademaster
 28121 | Elf:3    | Killed Saint Roka
 28461 | Elf:3    | Paralysed by an air elemental for 1 turns
 28513 | Elf:3    | Identified the +7 lajatang of Virtue {venom, rF+ MP+9}
 28568 | Elf:3    | Paralysed by an air elemental for 1 turns
 28571 | Elf:3    | Paralysed by an air elemental for 1 turns
 29100 | Elf:3    | Identified the +3 orcbow "Muetax" {flame, rElec SInv}
 29203 | Elf:3    | Identified the ring of Gatit {Will+ Str+4}
 29235 | Elf:3    | Reached XP level 17. HP: 99/137 MP: 28/28
 29266 | Elf:3    | Identified the +10 plate armour of a sewer {rF- rCorr Int+5
                  | SInv}
 29378 | Elf:3    | Got the Catalogue of Incendiary Corpses
 29423 | Elf:3    | Identified the +1 leather armour of the Ecumenical Temple
                  | {Harm rC- Int+8}
 30052 | D:13     | Found a gate to the Vaults.
 30514 | D:14     | Reached skill level 21 in Invocations
 30732 | D:14     | Noticed Koneso's ghost (journeyman DjCj)
 30734 | D:14     | Found a runed translucent gate.
 30737 | D:14     | Found an iron altar of Okawaru.
 31318 | D:15     | Identified the +2 mace of Muskoas {antimagic, rElec rF+}
 31427 | D:15     | Found a staircase to the Depths.
 32184 | Shoals:1 | Entered Level 1 of the Shoals
 32535 | Shoals:1 | Noticed a kraken
 32551 | Shoals:1 | Killed a kraken
 32643 | Shoals:1 | You are sucked into a shaft and drop 1 floor!
 33325 | Shoals:2 | Lost mutation: Your magical capacity is low. (-10% MP)
                  | [potion of mutation]
 33325 | Shoals:2 | Lost mutation: Your mind is acute. (Int +4, Str/Dex -1)
                  | [potion of mutation]
 33325 | Shoals:2 | Gained mutation: You are resistant to electric shocks.
                  | (rElec) [potion of mutation]
 33325 | Shoals:2 | Lost mutation: You expend magic power (3 MP) to strengthen
                  | your wands. [potion of mutation]
 33325 | Shoals:2 | Gained mutation: Your body sometimes deteriorates upon
                  | taking damage. [potion of mutation]
 33325 | Shoals:2 | Gained mutation: Your muscles are strong. (Str +4, Int/Dex
                  | -1) [potion of mutation]
 33326 | Shoals:2 | Lost mutation: Your muscles are strong. (Str +4, Int/Dex
                  | -1) [potion of mutation]
 33326 | Shoals:2 | Lost mutation: Your body sometimes deteriorates upon taking
                  | damage. [potion of mutation]
 33326 | Shoals:2 | Lost mutation: You are resistant to electric shocks.
                  | (rElec) [potion of mutation]
 33326 | Shoals:2 | Gained mutation: Your system is resistant to poisons.
                  | (rPois) [potion of mutation]
 33326 | Shoals:2 | Gained mutation: You expend magic power (3 MP) to
                  | strengthen your wands. [potion of mutation]
 33823 | Shoals:2 | Reached skill level 10 in Evocations
 34298 | Shoals:3 | Reached XP level 18. HP: 147/147 MP: 32/32
 34315 | Shoals:3 | Reached skill level 22 in Invocations
 34327 | Shoals:3 | Noticed Polyphemus
 34428 | Shoals:3 | Found Myen's Gadget Gallery.
 34638 | Shoals:3 | Killed Polyphemus
 34760 | Shoals:3 | Reached skill level 10 in Shields
 35513 | Shoals:4 | Entered Level 4 of the Shoals
 36031 | Shoals:3 | daeva and cherbus on Shoals:4
 36206 | Shoals:4 | Got a barnacled rune of Zot
 36209 | Shoals:4 | Identified the staff of Radicalism {Str+3 Conj}
 36265 | Shoals:4 | got the rune without fighting the daeva
 36532 | Vaults:1 | Entered Level 1 of the Vaults
 36843 | Vaults:1 | Identified the +4 flail "Qycir" {venom, rF+ Str+5}
 37642 | Vaults:1 | Found a portal to a secret trove of treasure.
 37787 | Vaults:1 | Reached skill level 23 in Invocations
 38292 | Shoals:3 | Bought a lightning rod (4/4) for 560 gold pieces
 38292 | Shoals:3 | Bought a phantom mirror for 560 gold pieces
 38292 | Shoals:3 | Bought a sack of spiders for 560 gold pieces
 38571 | Vaults:1 | You paid a toll of 8 scrolls of fear to enter a treasure
                  | trove
 38572 | Trove    | Entered a treasure trove
 38572 | Trove    | Found the +3 warlock's mirror {omnireflect}
 38575 | Trove    | Identified the amulet of the Will of the Gods {Regen+
                  | Str+2}
 38608 | Trove    | Identified the ring of the Dropbear {rElec rPois rN+ Int-2
                  | SInv}
 38627 | Trove    | Identified the ring "Hudua" {rElec rF- rC+ rCorr Int-2}
 38645 | Trove    | Identified the ring of the Baku {rN+ MP+9 Dex+3}
 38648 | Trove    | Identified the ring of the Commoners {rC+ Str+6}
 38990 | Vaults:2 | Gained mutation: A powerful demonic guardian rushes to your
                  | aid. [demonic ancestry]
 38990 | Vaults:2 | Reached XP level 19. HP: 120/154 MP: 34/34
 39037 | Vaults:2 | Reached skill level 15 in Fighting
 40728 | Vaults:3 | Found Umorgh's Book Emporium.
 40860 | Vaults:3 | Found a magical portal.
 40869 | WizLab   | Entered Maxwell's Workshop
 41032 | WizLab   | Identified the ring of Xom's Sleight of Hands {Ice Int+2
                  | SInv}
 41487 | WizLab   | Noticed an electric golem
 41506 | WizLab   | Killed an electric golem
 41713 | Vaults:3 | Reached skill level 24 in Invocations
 41829 | Vaults:3 | Gained mutation: You have a sharp stinger which inflicts
                  | weakening toxins. [demonic ancestry]
 41829 | Vaults:3 | Reached XP level 20. HP: 94/163 MP: 29/36
 42085 | Vaults:3 | Noticed Norris
 42127 | Vaults:3 | Killed Norris
 42497 | Vaults:3 | Noticed Xtahua
 42528 | Vaults:3 | Killed Xtahua
 42692 | Vaults:3 | Found a staircase to the Crypt.
 43293 | Vaults:4 | Identified the ring of Ferghiteu {+Blink rCorr MP+9}
 43382 | Vaults:4 | Identified the amulet of Polytheism {Reflect rF- Str+3
                  | Int+3 SH+5}
 44323 | Vaults:5 | Entered Level 5 of the Vaults
 44325 | Vaults:5 | Corrupted Vaults:5
 44325 | Vaults:5 | Noticed a bone dragon
 44334 | Vaults:5 | Reached skill level 25 in Invocations
 44375 | Vaults:5 | Gained mutation: When seriously injured, your blood forms
                  | very thick armour. (AC +12) [demonic ancestry]
 44375 | Vaults:5 | Reached XP level 21. HP: 121/170 MP: 37/37
 44436 | Vaults:5 | Identified the +5 executioner's axe of Tajet {drain, Will+
                  | Int+2}
 44606 | Vaults:5 | Noticed a golden dragon
 44623 | Vaults:5 | Killed a golden dragon
 44630 | Vaults:5 | Noticed a dread lich
 45093 | Depths:1 | Entered Level 1 of the Depths
 45164 | Depths:1 | Found a one-way gate to the infinite horrors of the Abyss.
 45219 | Depths:1 | Identified the +8 quarterstaff of Spontaneous Combustion
                  | {freeze, Fly rF- Str+4}
 45421 | Depths:1 | Found a radiant altar of Vehumet.
 45776 | Depths:1 | Found a gateway to Hell.
 46499 | Depths:2 | Found a one-way gate leading to the halls of Pandemonium.
 46559 | Depths:2 | Found a one-way gateway to a ziggurat.
 46933 | Depths:2 | Found a shadowy altar of Dithmenos.
 47391 | Depths:3 | Found an iron altar of Okawaru.
 47573 | Depths:3 | Noticed a golden dragon
 47590 | Depths:3 | Killed a golden dragon
 47701 | Depths:3 | You are sucked into a shaft and drop 1 floor!
 47701 | Depths:4 | Entered Level 4 of the Depths
 47709 | Depths:4 | Reached skill level 26 in Invocations
 47716 | Depths:4 | Gained mutation: Your magical and physical power is
                  | slightly enhanced at high health. [demonic ancestry]
 47716 | Depths:4 | Reached XP level 22. HP: 156/180 MP: 39/39
 47869 | Depths:4 | Reached skill level 15 in Evocations
 47952 | Depths:4 | Found a gate to the Realm of Zot.
 48089 | Depths:4 | Got a midnight gem with 320 turns to spare
 48332 | Depths:4 | Found a shimmering altar of Xom.
 48736 | Depths:4 | Upgraded the game from 0.32-a0-909-gc671339a80 to
                  | 0.32-a0-913-g739538afd8
 49245 | Elf:2    | Killed Piceto's ghost
 49262 | Elf:2    | Killed Assuef's ghost
 49463 | Elf:2    | Reached skill level 15 in Shields
 50142 | D:14     | Killed Koneso's ghost
 50629 | Vaults:5 | Identified the +9 trident "Ultimatum" {drain, rPois rF+ rC+
                  | Str-4}
 50696 | Vaults:5 | Got the Anthology of the Leucotic Volley
 50708 | Vaults:5 | Got the Atlas of the Snowflakes and the Ouroboros
 51533 | Vaults:5 | Noticed Mara
 51549 | Vaults:5 | Killed Mara
 51555 | Vaults:5 | Got Mara with the phantom mirror and the mirror Mara made
                  | another Mara
 51863 | Vaults:5 | Noticed a golden dragon
 51874 | Vaults:5 | Killed a golden dragon
 51911 | Vaults:5 | Got a silver rune of Zot
 52151 | Vaults:5 | Killed a dread lich
 52152 | Vaults:5 | Reached XP level 23. HP: 159/188 MP: 36/40
 52649 | Shoals:4 | Reached skill level 27 in Invocations
 53229 | Shoals:4 | Identified the +0 pair of boots of Zeosmat {Fly rN+ Int+3
                  | Dex-4}
 53607 | Snake:1  | Entered Level 1 of the Snake Pit
 53776 | Snake:1  | Found a glacial archway.
 53793 | IceCv    | Entered an ice cave
 53875 | IceCv    | Found an ancient bone altar of Kikubaaqudgha.
 54597 | Snake:2  | Found Ujoibiol's Book Shop.
 54599 | Snake:2  | Found Nacisot's Weapon Boutique.
 54602 | Snake:2  | Found Geick's Magic Scroll Shop.
 54731 | Snake:3  | Identified the serpent talisman "Kud Ogu" {rElec Slay+2
                  | SInv Stlth-}
 54731 | Snake:3  | Noticed Aizul
 54755 | Snake:3  | Killed Aizul
 54834 | Snake:3  | Found Mumoklel's Antique Armour Boutique.
 54872 | Snake:4  | Entered Level 4 of the Snake Pit
 55025 | Snake:3  | Reached skill level 15 in Armour
 55319 | Snake:4  | Reached skill level 5 in Throwing
 55345 | Snake:4  | Got a jade gem with 1245 turns to spare
 55518 | Snake:4  | Got a serpentine rune of Zot
 56926 | Snake:3  | Found Qeyfuzah's Antique Armour Shoppe.
 56929 | Snake:3  | Found Rofetz's Magic Scroll Emporium.
 56929 | Snake:3  | Found Conotwed's Jewellery Shoppe.
 56934 | Snake:3  | Bought a pair of embroidered gloves for 225 gold pieces
 56935 | Snake:3  | Found Muras's Magic Scroll Emporium.
 58054 | Orc:2    | Bought a heavily runed ring mail for 306 gold pieces
 58054 | Orc:2    | Identified the +0 ring mail of Pysoeth {rF+ Int+3} (You
                  | bought it in a shop on level 2 of the Orcish Mines)
 58054 | Orc:2    | Bought a shiny orb for 408 gold pieces
 58359 | Snake:3  | Bought the ring "Zakyl" {+Blink rPois Str+3 Dex+6} for 968
                  | gold pieces
 58702 | Depths:1 | Voluntarily entered the Abyss.
 58881 | Depths:1 | Escaped the Abyss
 58886 | Depths:1 | Voluntarily entered the Abyss.
 58910 | Abyss:1  | Found a corrupted altar of Lugonu.
 59039 | Abyss:1  | Gained mutation: Your magical and physical power is
                  | enhanced at high health. [demonic ancestry]
 59039 | Abyss:1  | Reached XP level 24. HP: 197/197 MP: 40/40
 59412 | Abyss:2  | Paralysed by accursed screaming for 1 turns
 59419 | Abyss:2  | Paralysed by accursed screaming for 1 turns
 59541 | Abyss:2  | Noticed an ancient lich
 59553 | Abyss:2  | Killed an ancient lich
 59609 | Abyss:2  | Found a corrupted altar of Lugonu.
 59646 | Abyss:2  | Gained mutation: [Potions are less effective at restoring
                  | your health.] [a neqoxec]
 60138 | Abyss:4  | Got an abyssal rune of Zot
 60171 | Depths:1 | Escaped the Abyss
 60382 | Crypt:1  | Entered Level 1 of the Crypt
 60811 | Crypt:1  | Identified the serpent talisman of Elitism {rElec rF+}
 61606 | Crypt:3  | Entered Level 3 of the Crypt
 61668 | Crypt:3  | Got the Commentary on Creation
 61749 | Crypt:3  | Found a basalt altar of Yredelemnul.
 62087 | Crypt:3  | Found a staircase to the Tomb.
 62171 | Crypt:3  | Gained mutation: You are powered by pain. [demonic
                  | ancestry]
 62171 | Crypt:3  | Reached XP level 25. HP: 190/202 MP: 40/40
 62462 | Crypt:3  | Identified the +6 arbalest of Qoylex {freeze, +Blink rElec
                  | Int+3}
 63032 | Crypt:3  | Identified the ring of Voyhoowk {rN++ Dex+2 SInv}
 63032 | Crypt:3  | Identified the ring "Adoecker" {rN++ AC+4 Dex+5}
 63032 | Crypt:3  | Identified the ring "Tairghaku" {Fly rN++ Str+5 Dex+3}
 63306 | Crypt:3  | Identified the staff of Cosott {rN+ Int+5 Necro}
 63511 | Crypt:2  | Noticed Mennas
 63526 | Crypt:2  | Killed Mennas
 64225 | Crypt:1  | Noticed a royal mummy
 64226 | Crypt:1  | Noticed Khufu
 64228 | Crypt:1  | Noticed a royal mummy
 64230 | Crypt:1  | Banished a royal mummy
 64233 | Crypt:1  | Banished Khufu
 64262 | Crypt:1  | Killed a royal mummy
 64664 | Slime:1  | Entered Level 1 of the Pits of Slime
 64840 | Slime:4  | Gained mutation: You are clumsy. (Dex -2) [a shining eye]
 64865 | Slime:5  | Entered Level 5 of the Pits of Slime
 65274 | Slime:5  | Corrupted Slime:5
 65287 | Slime:5  | Noticed the Royal Jelly
 65304 | Slime:5  | Reached skill level 10 in Throwing
 65304 | Slime:5  | Found a viscous altar of Jiyva.
 65307 | Slime:5  | Killed the Royal Jelly
 65320 | Slime:5  | Got a slimy rune of Zot
 65322 | Slime:5  | Got a starry gem with 46 turns to spare
 65355 | Slime:5  | Identified the amulet of Foolhardiness {Reflect ^Contam
                  | Int+5 SH+5}
 65522 | Slime:5  | Identified the amulet of Tagi {Acrobat rN+}
 65547 | Slime:5  | Identified the +4 dagger of the Poles {vamp, rC+}
 66182 | Hell     | Entered the Vestibule of Hell
 66238 | Hell     | Noticed Geryon
 66417 | Hell     | Found a gateway to the freezing wastes of Cocytus.
 66450 | Hell     | Banished Geryon
 66617 | Hell     | Found a gateway to the decaying netherworld of Tartarus.
 66907 | Hell     | Found a gateway to the ashen valley of Gehenna.
 67303 | Hell     | Found a gateway to the Iron City of Dis.
 67717 | Depths:1 | Voluntarily entered the Abyss.
 67721 | Abyss:4  | Found a corrupted altar of Lugonu.
 67761 | Abyss:4  | Reached XP level 26. HP: 209/215 MP: 40/40
 67765 | Abyss:4  | Found an iron altar of Okawaru.
 67991 | Depths:1 | Escaped the Abyss
 68053 | Depths:1 | Voluntarily entered the Abyss.
 68098 | Abyss:4  | Found a corrupted altar of Lugonu.
 68159 | Depths:1 | Escaped the Abyss
 68231 | Depths:1 | Voluntarily entered the Abyss.
 68468 | Depths:1 | Escaped the Abyss
 68558 | Depths:1 | Voluntarily entered the Abyss.
 68581 | Abyss:4  | Found a corrupted altar of Lugonu.
 68679 | Abyss:4  | Paralysed by accursed screaming for 1 turns
 68800 | Depths:1 | Escaped the Abyss
 68838 | Depths:1 | Voluntarily entered the Abyss.
 68916 | Abyss:4  | Found a corrupted altar of Lugonu.
 69155 | Depths:1 | Escaped the Abyss
 69212 | Depths:2 | Voluntarily entered the Abyss.
 69431 | Depths:2 | Escaped the Abyss
 69526 | Coc:1    | Entered Level 1 of Cocytus
 69679 | Coc:1    | Escaped the Abyss
 70214 | Coc:3    | Corrupted Coc:3
 70387 | Coc:4    | You are sucked into a shaft and drop 1 floor!
 70532 | Coc:5    | Paralysed by a wendigo for 1 turns
 70550 | Coc:5    | Paralysed by a wendigo for 1 turns
 70930 | Abyss:4  | Gained mutation: You are very clumsy. (Dex -4) [a neqoxec]
 70932 | Abyss:4  | Gained mutation: Your spells are a little easier to cast,
                  | but a little less powerful. [a neqoxec]
 70933 | Abyss:4  | Paralysed by accursed screaming for 1 turns
 70985 | Abyss:4  | Killed from afar by a balrug

Illustrated notes

≈≈≈≈≈≈~~~≈≈~~~~~≈≈≈≈≈≈≈≈≈≈≈≈≈≈≈≈≈
≈≈≈≈≈≈~~~≈~~~~~~~≈≈≈≈≈≈≈≈≈≈≈≈≈≈≈≈
≈≈≈~~~~~≈≈≈~~..P~~~~≈≈≈≈≈≈≈≈≈≈≈≈≈
≈≈~~~~~~≈≈≈≈≈..P~~~~~≈≈≈≈≈≈≈≈≈≈≈≈
≈~~~~~~≈≈≈≈≈≈...P..PP~≈≈≈≈≈≈≈≈≈≈≈
≈~~.~~~≈≈≈≈≈........~~~≈≈~P~~~~≈≈
≈≈~~~~~≈≈≈≈≈~.P[PP~...~~P~~~~~~~≈
≈≈≈≈~~~≈≈≈≈≈~~.†...~.PP~~.P....~~
≈≈~~~~≈≈≈≈~....P@.~..~~.~......~~
≈≈≈.~~~~.~P.....[.~.~~~.~~.#...~~
≈≈≈~~~~~~..~...##...P...~.....~~≈
≈≈≈≈~~≈≈.......###..[.....~..~≈≈≈
..≈≈≈~≈≈....................~~≈≈≈
..~≈≈≈≈~≈.##.........###....~~≈≈≈
....~≈≈≈≈.##..###....# #....~≈≈≈≈
....~≈≈≈~~~...###....###....~≈≈≈≈
≈≈~~≈≈≈~~~~~~......÷..<..>.~~≈≈≈≈


Turn 36031 on Shoals:3: daeva and cherbus on Shoals:4 #.~ #~≈~# ...##.....$.~
.~~.##~~~##~~.~..P....~P ~~≈~~.....~~.~...~.....~ m≈≈≈~.)<[~~~≈≈~~P~....~.
.≈≈≈≈≈~~....~~~≈≈≈≈...P..P~ ≈≈≈≈≈~~#######~≈≈≈≈≈≈~.~.~. ≈≈≈~.~
#######~~~≈≈≈≈≈≈~~.~ ≈~~~~ ##.....##...P≈≈≈≈≈≈.~ ~~P..##...@.?.##..P~~≈≈≈≈≈≈
~........(......[..~~~~≈≈≈P ..P.............).)P..P~~≈≈
.(..........P[......)..~~~~ ...)....[.......)PP....~.~≈
......P...÷P......÷...P~~~≈ ...P....P................~≈
.....P...#'#.......P...P~~≈ .......###.###......#~.~~≈≈ Turn 36265 on Shoals:4:
got the rune without fighting the daeva #...# #...# #.#...# #.#p.. #.#..# #.#..#
#.#..# .# # ##.#(.# ..# # #..#@## ..# ##.....##..# #...)#..#..# .......##.....#
##################....# ..............(.......# ÷[)...................#
.÷[...................# ...................)..# Turn 51555 on Vaults:5: Got Mara
with the phantom mirror and the mirror Mara made another Mara

Levels and vault maps discovered:
D:1:      amcnicky_arrival_abandoned_market, layout_basic
D:2:      layout_rooms, basic_altar, uniq_sigmund
D:3:      layout_rooms, mainiacjoe_overflow_24_doors, uniq_crazy_yiuf_cottage,
          uniq_natasha
D:4:      layout_basic, fedhas_ov_isle_minmay, trog_butcher_becter,
          uniq_blork_the_orc, uniq_ijyb, uniq_robin
D:5:      layout_loops_ring, grunt_temple_overflow_open, temple_fountains
D:6:      layout_loops_corners, nicolae_ossuary_entry_plus, uniq_jeremiah,
          uniq_maggie, uniq_duvessa
D:7:      layout_cave_pods, slow_altar_1
D:8:      layout_loops_ring, led_sif_book, serial_shops, shop, uniq_joseph,
          uniq_pikel, uniq_prince_ribbit1
D:9:      layout_grid_maze, skrybe_limestone_x, minmay_mirror_moons_of_madness,
          uniq_amaemon
D:10:     gammafunk_jiyva_shrine, layout_long_grid, nemelex_spade_bored_becter,
          dpeg_oklobed_lair, uniq_sonja, uniq_erica
D:11:     minmay_separated_statues, layout_gridville, gauntlet_entry_generic
D:12:     layout_loops_ring, orc_0_dummy, uniq_lodul, uniq_kirke
D:13:     layout_big_octagon, ximxim_vaults_locker_room
D:14:     layout_loops_corners, gammafunk_ghost_fury_of_okawaru
D:15:     hellmonk_depths_entry_around_the_bend, layout_gridville,
          serial_park_square1 [serial_park_minivault_5x5_3], grunt_ministairs_14
Temple:   nicolae_temple_bog_church
Lair:1:   layout_regular_city, minmay_hedge_maze, lemuel_fruit_tree,
          uniq_gastronok
Lair:2:   layout_gridlike, shoals_dummy_entry, pdpol_lair_cavern_descent
Lair:3:   lemuel_ratsnest, layout_small_grid,
          minmay_snake_entry_guardpost_small, basic_altar,
          hangedman_lair_unloving_vines, minivault_26, serial_bayou_lake_a,
          infiniplex_staircase_pool
Lair:4:   layout_small_grid, slime_entry_1
Lair:5:   hangedman_lair_in_review, layout_long_grid, wormcave,
          grunt_megastairs_3
Shoals:1: layout_shoals, nicolae_shoals_enchanted_isle
Shoals:2: layout_shoals, nicolae_shoals_former_cling_halls
Shoals:3: layout_shoals, nicolae_shop_gadgets, uniq_polyphemus
Shoals:4: shoals_end_hellmonk_holy_island
Snake:1:  layout_cave_shapes, portal_ice_cave_entry_dragon, drop_trap
Snake:2:  layout_cave_shapes, nicolae_triple_integral, minmay_shop_star
Snake:3:  layout_rooms, serial_shops, shop, st_stairs_10, minmay_shoptagon,
          uniq_aizul
Snake:4:  hellmonk_snake_rune_quicksilver_temple, layout_onion_interference
Slime:1:  layout_caves
Slime:2:  layout_caves
Slime:3:  layout_caves
Slime:4:  layout_caves
Slime:5:  slime_pit_nicolae_royal_road_to_ruin
Orc:1:    layout_diamond_mine, nicolae_volcano_entry_s_turn,
          elves_outpost_lemuel, uniq_nergalle
Orc:2:    st_orc_town, layout_diamond_mine, basic_altar, serial_shops,
          nicolae_shop_back_alley_shop
Elf:1:    eino_elf_arrival_the_gate, layout_loops_cross,
          nicolae_elf_crossing_hall
Elf:2:    elven_hall_of_blades_hangedman_alternative
          [nicolae_blade_little_rooms], layout_gridlike, serial_shops,
          nicolae_shop_statue_plus, serial_corexii_hall, corexii_hall_statues_u,
          chequers_hall_statues_corner_a, gammafunk_ghost_cemetery,
          serial_library_hellmonk_hallway_b
Elf:3:    grunt_elf_hall_diamonds, layout_geoelf_diagonals, uniq_saint_roka
Vaults:1: vaults_mumra_chevron, nicolae_vaults_circle_grid_a,
          hangedman_vaults_trim, v_misc_4, v_misc_9,
          nicolae_vaults_variable_pillar_hall, nicolae_vaults_tetromino_T_2,
          v_pattern_3, nicolae_vaults_tetromino_Z_2,
          nicolae_vaults_closet_pinwheel_4, hangedman_vaults_locks, v_misc_19,
          ontoclasm_vaults_loading_screen, nicolae_vaults_tetromino_T_1,
          nicolae_vaults_little_squares_3, nicolae_vaults_shelves_hall,
          layout_vaults_ring, nicolae_trove_entry_path_of_doom
Vaults:2: v_misc_33, v_rooms_2, ontoclasm_vaults_ring_large,
          nicolae_vaults_little_squares_3, v_pattern_4,
          vaults_mumra_minichess_inversion, nicolae_vaults_security_offices_4,
          nicolae_vaults_diamond_2, nicolae_vaults_apartment_1,
          layout_vaults_big_room
Vaults:3: mu_enter_wizlab_1, minmay_crypt_entry_simple_sparse,
          vaults_room_door_ring, nicolae_vaults_twisting_passages,
          nicolae_vaults_network_s, v_alt_pattern_1,
          nicolae_vaults_diagonal_hallway_8, ontoclasm_vaults_chip,
          nicolae_vaults_border_crossing, layout_vaults_omnigrid, serial_shops,
          nicolae_diamond_shop, uniq_xtahua, uniq_norris
Vaults:4: nicolae_vaults_storage_closets_1, nicolae_vaults_door_testing_chamber,
          v_rooms_1, vaults_mumra_chevron_long, v_misc_13, v_misc_2,
          vaults_dpeg_ring, nicolae_vaults_big_ls, v_alt_pattern_4,
          nicolae_vaults_little_squares_3, layout_vaults_maze_bifur
Vaults:5: uniq_mara
Crypt:1:  dreamdust_cat_pyramid, layout_catacombs, grunt_crypt_arrival_split,
          grunt_megastairs_5, uniq_khufu
Crypt:2:  layout_misc_corridors, uniq_mennas
Crypt:3:  evilmike_haunted_forest, uniq_margery
Depths:1: layout_honeycomb, corexii_leaking_fountain, hell_entry, abyss_entry,
          nicolae_vehumet_altar_sigil
Depths:2: kennysheep_ambush_hall, layout_small_grid, enter_ziggurat_a,
          grunt_mini_vestibule, abyss_entry_crystal,
          nicolae_dithmenos_through_a_glass_darkly, grunt_pan_entry_in_and_out,
          serial_sigils_hangedman_writhe, minmay_staircase_windowed_large
Depths:3: nicolae_cairo_tiling_large_dashed, layout_cave_pools, serial_sigils,
          serial_sigils_hangedman_scar, serial_sigils_hangedman_gut,
          serial_sigils_hangedman_gut, serial_sigils_hangedman_gnaw,
          regret_index_abyss_entry_already_here, okawaru_gym_becter, hell_entry,
          nicolae_shop_i_like_big_books
Depths:4: grunt_twist_and_shout, layout_cave_pools,
          chequers_serial_rivers_micro_c, grunt_hell_entry_dis_old,
          grunt_decor_one_mirror, led_xom_imps
Hell
Coc:1:    layout_cocytus_delve
Coc:2:    layout_ice_bergs
Coc:3:    layout_cocytus_water_paths
Coc:4:    layout_cocytus_delve
Coc:5:    layout_cocytus_delve, serial_ice, serial_ice_o, serial_ice_h,
          serial_ice_c, serial_ice_a, serial_ice_e,
          nicolae_hells_seeping_fissure
Coc:6:    layout_ice_bergs
Abyss:4:  base: Depths:2, base: Snake:3, hangedman_classic_abyss_death,
          evilmike_nicolae_abyss_rune_betentacled_crabyss,
          spicy_abyss_unhelpful_harpoons, base: Slime:2, base: Slime:5,
          evilmike_abyss_exit_13, minivault_4, base: Snake:1,
          evilmike_abyss_exit_5, hangedman_abyss_feature_spike,
          hangedman_abyss_river_spirits, evilmike_abyss_exit_17, base: Lair:2,
          evilmike_abyss_exit_12, minivault_20, spicy_abyss_pitcher_plant,
          hangedman_abyss_theft, evilmike_abyss_exit_15, evilmike_abyss_exit_4,
          evilmike_abyss_exit_4, evilmike_abyss_exit_11, base: D:11,
          hangedman_abyss_exit_choices, evilmike_abyss_exit_2,
          hangedman_abyss_exit_choices, evilmike_abyss_exit_10,
          evilmike_abyss_exit_kraken, abyss_exit_lava,
          hangedman_abyss_stitches_cave, base: D:9,
          guppyfry_abyss_exit_imp_island, evilmike_abyss_exit_8, base: Slime:3,
          bh_abyss_exit_grid, hangedman_decor_points, evilmike_abyss_exit_17,
          evilmike_abyss_exit_6, base: Slime:4, evilmike_abyss_exit_17,
          evilmike_abyss_exit_glass, bh_abyss_exit_choice, base: Slime:5, base:
          Vaults:5, spicy_abyss_planar_alliance, due_exit_kobolds

Skill      XL: |  1  2  3  4  5  6  7  8  9 10 11 12 13 14 15 16 17 18 19 20 21 22 23 24 25 26 |
---------------+-------------------------------------------------------------------------------+-----
Maces & Flails | 3 4 5 6 7 8 9 11 12 13 14 15 16 17 18 19 20 | 20.8
Fighting       | 4 5 6 7 8 9 10 11 12 13 14 15 16 17 18 19 | 19.8
Armour         | 1 3 4 5 6 7 8 9 10 11 12 13 14 15 16 17 | 17.0
Evocations     | 1 2 5 6 8 9 10 12 13 14 16 17 18 19 21 | 21.0
Invocations    | 3 6 9 11 14 16 18 19 20 21 23 24 25 26 27 | 27.0
Throwing       | 2 3 5 8 10 12 | 12.8
Shields        | 5 7 9 11 12 13 14 15 16 17 18 | 18.7
Dodging        | |  2.9

Action                     |  1- 3 |  4- 6 |  7- 9 | 10-12 | 13-15 | 16-18 | 19-21 | 22-24 | 25-27 || total
---------------------------+-------+-------+-------+-------+-------+-------+-------+-------+-------++-------
  Melee: Flail             |   104 |   131 |   145 |       |       |       |    48 |    10 |       ||   438
         Tailslap          |       |    16 |    68 |   178 |   445 |   285 |   438 |   509 |   442 ||  2381
         Morningstar       |       |       |    79 |    56 |       |    27 |       |       |       ||   162
         Demon whip        |       |       |   164 |   751 |  1833 |  1424 |  1511 |  2034 |  1542 ||  9259
         Trishula          |       |       |       |       |       |       |       |       |     5 ||     5
  Throw: Javelin           |       |       |       |       |       |       |       |    31 |    50 ||    81
         Throwing net      |       |       |       |       |       |       |       |     2 |       ||     2
         Boomerang         |       |       |       |       |       |       |       |       |    16 ||    16
 Invoke: Heroism           |       |       |       |     6 |       |       |       |       |       ||     6
         Finesse           |       |       |       |     4 |       |       |       |       |       ||     4
         Duel              |       |       |       |     1 |       |       |       |       |       ||     1
         Banish            |       |       |       |       |     5 |    12 |    21 |    16 |     3 ||    57
         Corrupt           |       |       |       |       |     1 |     1 |     1 |       |     2 ||     5
         Brand Weapon With |       |       |       |       |       |     1 |       |       |       ||     1
         Enter the Abyss   |       |       |       |       |       |       |       |       |     2 ||     2
  Evoke: Wand              |       |       |       |     4 |     4 |    17 |    11 |    22 |    32 ||    90
         Gell's gravitambo |       |       |       |       |     3 |     2 |     2 |     1 |     1 ||     9
         Phantom mirror    |       |       |       |       |       |       |     1 |     1 |     1 ||     3
         Lightning rod     |       |       |       |       |       |       |     1 |     4 |     2 ||     7
         Sack of spiders   |       |       |       |       |       |       |     1 |       |       ||     1
    Use: Potion            |       |       |     2 |     8 |    11 |     4 |     5 |     3 |     6 ||    39
         Scroll            |       |       |     7 |     9 |    18 |    10 |     9 |     6 |     4 ||    63
   Stab: Distracted        |       |       |       |       |     9 |     3 |     5 |     5 |     2 ||    24
         Invisible         |       |       |       |       |     4 |     1 |     2 |     3 |       ||    10
         Paralysed         |       |       |       |       |       |       |       |     1 |       ||     1
 Armour: Robe              |    16 |       |       |       |       |       |       |       |       ||    16
         Ring mail         |    59 |   100 |    94 |       |       |       |       |       |       ||   253
         Chain mail        |       |       |   258 |   593 |  1343 |       |       |       |       ||  2194
         Acid dragon scale |       |       |       |     6 |       |       |       |       |       ||     6
         Plate armour      |       |       |       |       |   144 |   902 |   910 |   784 |   988 ||  3728
         Gold dragon scale |       |       |       |       |       |       |       |   341 |       ||   341
         Skin              |       |       |       |       |       |       |       |       |    22 ||    22
  Dodge: Dodged            |    61 |    89 |   179 |   266 |   575 |   144 |   242 |   305 |   304 ||  2165
  Block: Kite shield       |       |       |       |       |    78 |  1078 |  1118 |  1561 |  1265 ||  5100
         Reflection        |       |       |       |       |       |   113 |       |       |       ||   113

Table legend: (Time is in decaauts)
 A = Elapsed time spent in this place.
 B = Non-inter-level travel time spent in this place.
 C = Inter-level travel time spent in this place.
 D = Time resting spent in this place.
 E = Time spent auto-exploring this place.
 F = Levels seen in this place.
 G = Mean time per level.
                   A        B        C        D        E       F      G
               +--------+--------+--------+--------+--------+-----+--------+
         Total |  67197 |  56995 |  10202 |   4977 |  30686 |  79 |  850.6 |
       Dungeon |  18814 |  14748 |   4066 |    917 |  10583 |  15 | 1254.3 |
        Temple |     22 |     22 |      0 |      0 |      0 |   1 |   22.0 |
          Lair |   6870 |   5587 |   1283 |    240 |   3361 |   5 | 1374.0 |
        Shoals |   5031 |   4374 |    657 |    557 |   2344 |   4 | 1257.8 |
     Snake Pit |   3567 |   3018 |    549 |     34 |   1806 |   4 |  891.8 |
    Slime Pits |   1062 |   1028 |     34 |     49 |    237 |   5 |  212.4 |
  Orcish Mines |   2933 |   1812 |   1121 |    185 |    973 |   2 | 1466.5 |
   Elven Halls |   5166 |   4627 |    539 |    812 |   2322 |   3 | 1722.0 |
        Vaults |   8152 |   7012 |   1140 |    596 |   3800 |   5 | 1630.4 |
         Crypt |   3678 |   3464 |    214 |     21 |   1706 |   3 | 1226.0 |
        Depths |   4339 |   3830 |    509 |    664 |   2078 |   4 | 1084.8 |
          Hell |   1018 |    970 |     48 |    228 |    382 |   1 | 1018.0 |
       Cocytus |   1040 |   1002 |     38 |    162 |    301 |   6 |  173.3 |
         Abyss |   3131 |   3131 |      0 |    240 |    419 |  14 |  223.6 |
         Trove |    105 |    105 |      0 |      0 |      0 |   1 |  105.0 |
       Ossuary |    121 |    121 |      0 |      7 |      0 |   1 |  121.0 |
      Ice Cave |    393 |    393 |      0 |      0 |    104 |   1 |  393.0 |
       Volcano |    343 |    343 |      0 |     60 |     87 |   1 |  343.0 |
        Wizlab |    723 |    723 |      0 |    105 |     78 |   1 |  723.0 |
      Gauntlet |    670 |    670 |      0 |     98 |    104 |   1 |  670.0 |
         Arena |      8 |      8 |      0 |      0 |      0 |   1 |    8.0 |
               +--------+--------+--------+--------+--------+-----+--------+

Top non-repeatable levels by time:
   Elf:2: 2551 daAuts
    D:10: 2461 daAuts
    D:11: 2028 daAuts
Vaults:1: 1900 daAuts
Vaults:5: 1884 daAuts
  Lair:1: 1852 daAuts
Depths:1: 1777 daAuts
   Orc:2: 1742 daAuts
Vaults:3: 1589 daAuts
 Crypt:3: 1572 daAuts
  Lair:5: 1527 daAuts
 Abyss:4: 1523 daAuts
Vaults:2: 1503 daAuts
Shoals:3: 1491 daAuts
    D:13: 1403 daAuts
